 Dungeon Crawl Stone Soup version 0.30-a0-862-g1aabd4f9c5 (webtiles) character file.

Game seed: 12670620763967940366

1598 FexLirch the Twirler (level 8, -4/96 HPs)
             Began as a Gnoll Wanderer on Mar 9, 2023.
             Was a Believer of Kikubaaqudgha.
             Slain by a troll (10 damage)
             ... on level 7 of the Dungeon.
             The game lasted 00:15:34 (7450 turns).

FexLirch the Twirler (Gnoll Wanderer)               Turns: 7450, Time: 00:15:34

Health: -4/96      AC: 20    Str: 10    XL:     8   Next: 93%
Magic:  15/15      EV:  2    Int: 15    God:    Kikubaaqudgha [**....]
Gold:   582        SH:  0    Dex: 16    Spells: 6/16 levels left

rFire   + . .      SeeInvis .    O - +7 war axe "Ogreslayer" {freeze, *Corrode rF+ Str+2 Int+2}
rCold   . . .      Faith    .    (no shield)
rNeg    . . .      Spirit   .    x - melded +0 leather armour {Will+}
rPois   +          Reflect  .    v - melded +0 helmet
rElec   .          Rampage  .    H - melded scarf {rC+ rF+}
rCorr   .          NoTele   +    (gloves currently unavailable)
Will    .....                    B - melded +0 pair of boots of Greed {rElec}
Stlth   +++                      (no amulet)
HPRegen 0.36/turn                q - ring of poison resistance
MPRegen 0.14/turn                (no ring)

@: tree-form, corroded
A: stationary, stasis, torment immunity, boosted hp, (fangs 1), strong nose,
distributed training
a: Renounce Religion, Unearth Wretches


You were on level 7 of the Dungeon.
You worshipped Kikubaaqudgha.
Kikubaaqudgha was pleased with you.
You were a tree.
You visited 1 branch of the dungeon, and saw 8 of its levels.

You collected 582 gold pieces.

Inventory:

Hand Weapons
 a - a +2 quarterstaff
 b - a +0 sling
 D - a +2 flail of protection
 O - the +7 war axe "Ogreslayer" (weapon) {freeze, *Corrode rF+ Str+2 Int+2}
   (You found it on level 8 of the Dungeon)

   Str:       It affects your strength (+2).
   Int:       It affects your intelligence (+2).
   rF:        It protects you from fire.
   *Corrode:  It may corrode you when you take damage.
Missiles
 s - 61 stones
 z - a silver boomerang
 C - 4 poisoned darts
 M - 2 javelins
Armour
 c - a +0 cloak
 v - a +0 helmet (melded)
 x - a +0 leather armour of willpower (melded)
 B - the +0 pair of boots of Greed (melded) {rElec}
   (You found it on level 3 of the Dungeon)

   rElec:     It insulates you from electricity.
 H - a scarf of resistance (melded)
 L - a +0 tower shield
Jewellery
 q - a ring of poison resistance (left branch)
Wands
 e - a wand of flame (11)
 h - a wand of iceblast (12)
 I - a wand of charming (4)
 N - a wand of digging (6)
Scrolls
 g - a scroll of blinking {unknown}
 i - 2 scrolls of immolation {unknown}
 j - a scroll of fear {unknown}
 l - a scroll of enchant armour {unknown}
 n - a scroll of brand weapon {unknown}
 p - a scroll of amnesia {unknown}
 r - a scroll of magic mapping {unknown}
 t - 4 scrolls of teleportation {unknown}
 w - a scroll of acquirement {unknown}
 y - 2 scrolls of silence {unknown}
 P - a scroll of identify
Potions
 d - 6 potions of curing
 f - 4 potions of heal wounds
 k - 4 potions of flight
 m - a potion of lignification
 o - a potion of haste {unknown}
 u - 2 potions of mutation {unknown}
 A - 2 potions of cancellation {unknown}
 E - a potion of brilliance {unknown}
 F - 2 potions of attraction {unknown}
 G - 2 potions of degeneration {unknown}
 J - a potion of magic {unknown}
 K - 3 potions of might {unknown}


   Skills:
 + Level 6.0 Fighting
 + Level 3.8 Short Blades
 + Level 3.8 Long Blades
 + Level 3.8 Axes
 + Level 3.8 Maces & Flails
 + Level 3.8 Polearms
 + Level 7.6 Staves
 + Level 4.7 Ranged Weapons
 + Level 3.8 Throwing
 + Level 4.7 Armour
 + Level 4.7 Dodging
 + Level 3.8 Stealth
 + Level 3.8 Shields
 + Level 3.8 Unarmed Combat
 + Level 4.8 Spellcasting
 + Level 3.1 Conjurations
 + Level 3.1 Hexes
 + Level 3.1 Summonings
 + Level 3.1 Necromancy
 + Level 3.1 Translocations
 + Level 3.1 Transmutations
 + Level 3.1 Fire Magic
 + Level 3.1 Ice Magic
 + Level 3.1 Air Magic
 + Level 3.1 Earth Magic
 + Level 3.1 Poison Magic
 + Level 4.2 Invocations
 + Level 4.7 Evocations


You had 6 spell levels left.
You knew the following spells:

 Your Spells              Type           Power      Damage    Failure   Level
a - Necrotise             Necr           52%        1d6       4%          1
b - Animate Dead          Necr           13%        N/A       41%         4
c - Kiss of Death         Conj/Necr      52%        2d9       4%          1
d - Manifold Assault      Tloc           13%        N/A       41%         4

Your spell library contained the following spells:

 Spells                   Type           Power      Damage    Failure   Level
 Sublimation of Blood     Necr           13%        N/A       7%          2
 Blade Hands              Tmut           6%         N/A       77%         5
 Irradiate                Conj/Tmut      6%         3d13      77%         5
 Dispersal                Tloc           6%         N/A       100%        6
 Dragon Form              Tmut           6%         N/A       100%        7
 Disjunction              Tloc           6%         N/A       100%        8


Dungeon Overview and Level Annotations

Branches:
Dungeon (8/15)             Temple (0/1) D:7
   Lair: D:8-11

Altars:
Cheibriados
Gozag
Hepliaklqana
Kikubaaqudgha
Nemelex Xobeh
Okawaru
Uskayaw
Vehumet
Yredelemnul
Zin
The Shining One

Shops:
D:2 *   D:7 :

Annotations:
D:8 Maurice


Innate Abilities, Weirdness & Mutations

You are a tree.
Your roots penetrate the ground, keeping you stationary.
You cannot be teleported.
You are immune to unholy pain and torment.
Your maximum health is greatly increased.
Your equipment is partially melded.
((You have very sharp teeth.))
Your uncanny sense of smell can sniff out nearby items.
Your experience applies equally to all skills.


Message History

The troll misses you. The troll bites you. The troll claws you!
The troll claws you.
Okay, then.
Unknown command.
Really quaff the potion of lignification?
You turn into a tree.
Your scarf of resistance melds into your body.
Your +0 helmet melds into your body.
The +0 pair of boots of Greed {rElec} melds into your body.
Your +0 leather armour of willpower melds into your body.
You feel hot and cold all over.
You feel less strong-willed.
Your roots penetrate the ground.
The troll bites you but does no damage.
The troll claws you but does no damage. x2
You closely miss the troll. The troll bites you but does no damage.
The troll claws you. The troll claws you but does no damage.
You slash the troll! You freeze the troll.
The troll is moderately wounded.
The troll bites you!
* * * LOW HITPOINT WARNING * * *
The troll claws you but does no damage. x2
You completely miss the troll.
The troll is moderately wounded.
The troll bites you but does no damage.
The troll claws you but does no damage. x2
The troll bites you.
* * * LOW HITPOINT WARNING * * *
The troll claws you but does no damage. The troll barely misses you.
You barely miss the troll.
The troll is moderately wounded.
The troll bites you.
* * * LOW HITPOINT WARNING * * *
The troll claws you but does no damage. x2
You hit the troll. You freeze the troll.
The troll is moderately wounded.
The troll bites you!
* * * LOW HITPOINT WARNING * * *
The troll claws you!
* * * LOW HITPOINT WARNING * * *
The troll claws you!
You die...
Kikubaaqudgha rasps: "You have failed me!
Welcome... death!"

#.#.# #...# ###.#
#.# # #.# #.
#######'###
#####.##.........#
#.....T..........#
#♣.........#
#........>.#
##.........#
#.........#
########+##


You could see a troll.

Vanquished Creatures
  A water moccasin (D:7)
  A centaur (D:8)
  A phantom (D:6)
  2 bullfrogs (D:6)
  2 scorpions
  4 wights
  2 jellies
  2 howler monkeys
  A hound (D:5)
  2 orc priests (D:3)
  A gnoll bouda (D:5)
  2 iguanas
  3 sleepcaps
  7 orc wizards
  11 gnolls
  8 adders
  2 shadow imps (D:3)
  A white imp (D:6)
  2 ufetubi
  A worm (D:3)
  5 dart slugs
  20 orcs
  2 bats
  6 endoplasms
  5 giant cockroaches
  11 goblins
  4 hobgoblins
  10 jackals
  3 quokkas
  6 ball pythons
  4 frilled lizards
  3 kobolds (D:3)
  4 rats
139 creatures vanquished.

Notes
Turn   | Place    | Note
-------+----------+-------------------------------------------
     0 | D:1      | FexLirch the Gnoll Wanderer began the quest for the Orb.
     0 | D:1      | FexLirch set off with the following items: a +2
                  | quarterstaff, a +0 sling, a +0 cloak, a potion of curing, a
                  | +0 robe.
     0 | D:1      | Reached XP level 1. HP: 20/20 MP: 4/4
   114 | D:1      | Reached XP level 2. HP: 26/26 MP: 5/5
   895 | D:1      | Reached XP level 3. HP: 31/31 MP: 7/7
  1033 | D:2      | Reached skill level 1 in Invocations
  1069 | D:2      | Reached skill level 1 in Short Blades
  1069 | D:2      | Reached skill level 1 in Long Blades
  1069 | D:2      | Reached skill level 1 in Axes
  1069 | D:2      | Reached skill level 1 in Maces & Flails
  1069 | D:2      | Reached skill level 1 in Polearms
  1069 | D:2      | Reached skill level 1 in Throwing
  1069 | D:2      | Reached skill level 1 in Stealth
  1069 | D:2      | Reached skill level 1 in Shields
  1069 | D:2      | Reached skill level 1 in Unarmed Combat
  1201 | D:2      | Found Fusoovoje's Assorted Antiques.
  1267 | D:2      | Reached XP level 4. HP: 38/38 MP: 8/8
  1734 | D:3      | Reached skill level 1 in Conjurations
  1734 | D:3      | Reached skill level 1 in Hexes
  1734 | D:3      | Reached skill level 1 in Summonings
  1734 | D:3      | Reached skill level 1 in Necromancy
  1734 | D:3      | Reached skill level 1 in Translocations
  1734 | D:3      | Reached skill level 1 in Transmutations
  1734 | D:3      | Reached skill level 1 in Fire Magic
  1734 | D:3      | Reached skill level 1 in Ice Magic
  1734 | D:3      | Reached skill level 1 in Air Magic
  1734 | D:3      | Reached skill level 1 in Earth Magic
  1734 | D:3      | Reached skill level 1 in Poison Magic
  1886 | D:3      | Identified the +0 pair of boots of Greed {rElec}
  1892 | D:3      | Found an ancient bone altar of Kikubaaqudgha.
  1904 | D:3      | Became a worshipper of Kikubaaqudgha
  1974 | D:3      | Found a transporter.
  2038 | D:3      | Reached XP level 5. HP: 32/43 MP: 9/9
  2155 | D:3      | Found an iron altar of Okawaru.
  2403 | D:3      | Reached * piety under Kikubaaqudgha
  2403 | D:3      | Received a gift from Kikubaaqudgha
  2406 | D:3      | Learned a level 1 spell: Necrotise
  2411 | D:3      | Learned a level 4 spell: Animate Dead
  2432 | D:3      | Found a transporter.
  2996 | D:3      | Reached XP level 6. HP: 38/50 MP: 9/11
  3200 | D:4      | Reached skill level 5 in Fighting
  3255 | D:4      | Found a radiant altar of Vehumet.
  4206 | D:5      | Entered Level 5 of the Dungeon
  4228 | D:5      | Reached skill level 7 in Staves
  4228 | D:5      | Reached XP level 7. HP: 42/56 MP: 12/12
  4630 | D:5      | Learned a level 1 spell: Kiss of Death
  4635 | D:5      | Learned a level 4 spell: Manifold Assault
  4693 | D:4      | Reached ** piety under Kikubaaqudgha
  5901 | D:6      | Reached XP level 8. HP: 40/63 MP: 14/14
  6244 | D:6      | Found a hide-covered altar of Uskayaw.
  6308 | D:6      | You fall into a shaft and drop 2 floors!
  6774 | D:8      | Identified the +7 war axe "Ogreslayer" {freeze, *Corrode
                  | rF+ Str+2 Int+2}
  6919 | D:8      | Noticed Maurice
  7053 | D:7      | Found a basalt altar of Yredelemnul.
  7054 | D:7      | Found a sparkling altar of Nemelex Xobeh.
  7056 | D:7      | Found a hazy altar of Hepliaklqana.
  7056 | D:7      | Found a glowing golden altar of the Shining One.
  7059 | D:7      | Found a snail-covered altar of Cheibriados.
  7059 | D:7      | Found a glowing silver altar of Zin.
  7152 | D:7      | Found an opulent altar of Gozag.
  7340 | D:7      | Found Tofupyqi's Book Emporium.
  7407 | D:7      | Found a staircase to the Ecumenical Temple.
  7442 | D:7      | Noticed a troll
  7450 | D:7      | Slain by a troll

Illustrated notes

Levels and vault maps discovered:
D:1:      wheals_arrival_linesprint, layout_loops_ring, serial_park_tiny_pond
D:2:      layout_loops_cross, serial_shops, nicolae_shop_hallway_plus
D:3:      gammafunk_wand_slinger, layout_basic, mainiacjoe_overflow_paths,
          kennysheep_okawaru_gauntlet
D:4:      layout_basic, mainiacjoe_overflow_concentric_impassable, minivault_11,
          amethyst_killhole
D:5:      layout_gridville, kennysheep_diamond, minivault_5, dk_vineyard_3,
          mumra_transporter_accident, kennysheep_pointless_box
D:6:      layout_rooms, nicolae_uskayaw_murder_on_the_dancefloor,
          hangedman_decor_push, hangedman_decor_diamond_cutter
D:7:      layout_basic, grunt_temple_overflow_open,
          minmay_temple_entry_enclosed_plants, serial_shops, shop_coins,
          kennysheep_crisscross
D:8:      layout_basic, uniq_maurice

Skill      XL: |  1  2  3  4  5  6  7  8 |
---------------+-------------------------+-----
Invocations    | 1 2 3 4 |  4.2
Short Blades   | 1 2 3 |  3.8
Long Blades    | 1 2 3 |  3.8
Axes           | 1 2 3 |  3.8
Maces & Flails | 1 2 3 |  3.8
Polearms       | 1 2 3 |  3.8
Throwing       | 1 2 3 |  3.8
Stealth        | 1 2 3 |  3.8
Shields        | 1 2 3 |  3.8
Unarmed Combat | 1 2 3 |  3.8
Spellcasting   | 3 4 |  4.8
Conjurations   | 1 2 3 |  3.1
Hexes          | 1 2 3 |  3.1
Summonings     | 1 2 3 |  3.1
Necromancy     | 1 2 3 |  3.1
Translocations | 1 2 3 |  3.1
Transmutations | 1 2 3 |  3.1
Fire Magic     | 1 2 3 |  3.1
Ice Magic      | 1 2 3 |  3.1
Air Magic      | 1 2 3 |  3.1
Earth Magic    | 1 2 3 |  3.1
Poison Magic   | 1 2 3 |  3.1
Ranged Weapons | 3 4 |  4.7
Armour         | 3 4 |  4.7
Dodging        | 3 4 |  4.7
Evocations     | 3 4 |  4.7
Fighting       | 5 6 |  6.0
Staves         | 7 |  7.6

Action                     |  1- 3 |  4- 6 |  7- 9 || total
---------------------------+-------+-------+-------++-------
  Melee: Quarterstaff      |    48 |   201 |   128 ||   377
         Bite              |     6 |    16 |    17 ||    39
         War axe           |       |       |    37 ||    37
         Punch             |       |       |     2 ||     2
   Fire: Sling             |    21 |    49 |     3 ||    73
   Cast: Necrotise         |       |    20 |    26 ||    46
         Kiss of Death     |       |       |     3 ||     3
    Use: Scroll            |       |     3 |       ||     3
         Potion            |       |       |     2 ||     2
   Stab: Sleeping          |     4 |     4 |     1 ||     9
 Armour: Robe              |    20 |    12 |       ||    32
         Leather armour    |       |    39 |    25 ||    64
         Skin              |       |       |    13 ||    13
  Dodge: Dodged            |    40 |   114 |   100 ||   254

Table legend: (Time is in decaauts)
 A = Elapsed time spent in this place.
 B = Non-inter-level travel time spent in this place.
 C = Inter-level travel time spent in this place.
 D = Time resting spent in this place.
 E = Time spent auto-exploring this place.
 F = Levels seen in this place.
 G = Mean time per level.
                   A        B        C        D        E       F      G
               +--------+--------+--------+--------+--------+-----+--------+
         Total |   7459 |   7111 |    348 |    560 |   5056 |   8 |  932.4 |
       Dungeon |   7459 |   7111 |    348 |    560 |   5056 |   8 |  932.4 |
               +--------+--------+--------+--------+--------+-----+--------+

Top non-repeatable levels by time:
     D:3: 1524 daAuts
     D:5: 1270 daAuts
     D:4: 1149 daAuts
     D:1: 1029 daAuts
     D:2: 672 daAuts
     D:6: 663 daAuts
     D:8: 610 daAuts
     D:7: 539 daAuts
